 Dungeon Crawl Stone Soup version 0.32-a0-450-g080537f31e (webtiles) character file.

Game seed: 16986796217141185537

259 Pooter the Trooper (level 5, -13/47 HPs)
             Began as a Minotaur Fighter on Feb 23, 2024.
             Was a Follower of Beogh.
             Killed by divine providence
             ... invoked by an orc priest
              (15 damage)
             ... on level 4 of the Dungeon.
             The game lasted 00:14:44 (3090 turns).

Pooter the Trooper (Minotaur Fighter)               Turns: 3090, Time: 00:14:45

Health: -13/47     AC: 13    Str: 22    XL:     5   Next: 95%
Magic:  5/5        EV:  9    Int:  5    God:    Beogh [*.....]
Gold:   1348       SH:  0    Dex: 10    Spells: 4/4 levels left

rFire   . . .        a - +0 war axe (protect)
rCold   . . .        (no shield)
rNeg    . . .        j - +0 scale mail
rPois   .            (helmet restricted)
rElec   .            (no cloak)
rCorr   .            (no gloves)
SInv    .            (no boots)
Will    .....        (no amulet) Stlth
                     (no ring)
HPRegen 0.27/turn    (no ring)
MPRegen 0.09/turn

%: no passive effects
@: mighty, under a protective aura
A: horns 2, retaliatory headbutt
a: Renounce Religion


You were on level 4 of the Dungeon.
You worshipped Beogh.
Beogh was aware of your devotion.
You visited 1 branch of the dungeon, and saw 4 of its levels.

You collected 1348 gold pieces.

Inventory:

Hand Weapons
 a - a +0 war axe of protection (weapon)
 b - a +0 orcbow
   (You found it on level 2 of the Dungeon)
Missiles
 g - 4 boomerangs (quivered)
 p - 9 poisoned darts
 Q - 24 stones
Armour
 c - a +0 buckler
 j - a +0 scale mail (worn)
Wands
 f - a wand of flame (10)
   (You took it off a kobold on level 3 of the Dungeon)
Scrolls
 e - 2 scrolls of noise {!r}
 i - a scroll of butterflies {unknown}
 k - 2 scrolls of immolation {!r}
 s - a scroll of vulnerability {unknown}
 t - 2 scrolls of fog
Potions
 h - a potion of attraction {unknown}
 l - a potion of invisibility {unknown}
 m - a potion of resistance {unknown}
 n - 2 potions of lignification {unknown}
 o - 2 potions of ambrosia {unknown}
 q - a potion of cancellation {unknown}
 r - a potion of degeneration {unknown}


   Skills:
 + Level 4.6 Fighting
 * Level 4.6 Axes
 * Level 2.3 Ranged Weapons
 - Level 1.1 Throwing
 - Level 3.6 Armour
 - Level 1.0 Stealth
 - Level 3.6 Shields
 + Level 2.0 Invocations
 - Level 1.1 Evocations


You had 4 spell levels left.
You didn't know any spells.
Your spell library contained the following spells:

 Spells                   Type           Power      Damage    Failure   Level
 Call Imp                 Summ           0%         N/A       90%         2
 Mercury Vapours          Alch/Air       0%         N/A       90%         2
 Sublimation of Blood     Necr           0%         N/A       90%         2
 Mephitic Cloud           Conj/Alch/Air  0%         N/A       99%         3
 Freezing Cloud           Conj/Ice/Air   0%         6-21      100%        5
 Summon Hydra             Summ           0%         N/A       100%        7


Dungeon Overview and Level Annotations

Branches:
Dungeon (4/15) Zot: 20820
 Temple: D:4-7

Altars:
Cheibriados
Fedhas
Makhleb
Vehumet
Zin


Innate Abilities, Weirdness & Mutations

You have a pair of horns on your head.
You reflexively headbutt those who attack you in melee.


Message History

The grasping roots constrict you.
* * * LOW HITPOINT WARNING * * *
A kobold comes into view.
It is wielding a +0 short sword and quivering poisoned darts.
You barely miss Ijyb. Ijyb hits you but does no damage.
The grasping roots constrict you.
The grasping roots release their grip on you.
Unknown command.
You barely miss Ijyb. You headbutt Ijyb. Ijyb completely misses you.
You furiously retaliate!
You headbutt Ijyb. You barely miss Ijyb. Your headbutt misses Ijyb.
Ijyb barely misses you.
Ijyb zaps a wand.
The roots erupt in riotous growth!
The grasping roots grab you!
Ijyb is unaffected.
The grasping roots constrict you.
You hit Ijyb.
Your weapon exudes an aura of protection.
You slash the kobold!
You kill the kobold!
Beogh accepts your kill. Ijyb barely misses you.
The grasping roots constrict you.
* * * LOW HITPOINT WARNING * * *
The grasping roots release their grip on you.
Unknown command.
You feel very mighty all of a sudden.
Ijyb zaps a wand.
The roots erupt in riotous growth!
The grasping roots grab you!
Ijyb is unaffected.
The grasping roots constrict you.
* * * LOW HITPOINT WARNING * * *
You hear an angry hiss.
The orc relaxes its fighting stance and smiles at you.
It asks, "Are you our saviour?"
A hobgoblin and an orc come into view.
You slash Ijyb!
You kill Ijyb!
Beogh accepts your kill.
A jelly comes into view.
The orc priest calls down the wrath of Beogh upon you.
Beogh smites you!
* * * LOW HITPOINT WARNING * * *
You slash the orc!
You kill the orc!
Beogh accepts your kill.
You slash the orc priest!
The orc priest mumbles some strange prayers to Beogh against you.
Beogh smites you!
You die...
Beogh appreciates the orc priest's killing of a heretic priest.

..................
................#....
................#....
.....##.......<.o...
..#.........#..#...
.###.##<....#...§.#
)# #.).†.......#§.#
.# #.........###o# ##
#........###§@####
##....#....§§§§..#
##....#.#.§§#..g....
###
##....###.###..§....
..###...###
#.##..###...
<.ß##††######......#.
..
....#.....##......>..
.
ß.>.#.#.†.........##.
†...##....#......##


You could see an orc priest and a hobgoblin.

Vanquished Creatures
  A bombardier beetle (D:3)
  An orc priest (D:3)
  Ijyb (D:4)
  Terence (D:2)
  An adder (D:2)
  5 gnolls
  2 dart slugs (D:1)
  2 ribbon worms
  8 orcs
  5 endoplasms
  2 giant cockroaches
  6 goblins
  4 hobgoblins
  6 jackals
  14 kobolds
  5 quokkas
  3 ball pythons
  2 bats
  3 frilled lizards
  7 rats
79 creatures vanquished.

Vanquished Creatures (others)
  An orc priest (D:3)
  An adder (D:3)
  A ribbon worm (D:3)
3 creatures vanquished.

Grand Total: 82 creatures vanquished

Notes
Turn   | Place    | Note
-------+----------+-------------------------------------------
     0 | D:1      | Pooter the Minotaur Fighter began the quest for the Orb.
     0 | D:1      | Reached XP level 1. HP: 19/19 MP: 0/0
   289 | D:1      | Reached XP level 2. HP: 27/27 MP: 1/1
   548 | D:1      | Reached XP level 3. HP: 31/33 MP: 2/2
  1098 | D:2      | Identified a scroll of acquirement
  1099 | D:2      | Acquired 1202 gold pieces
  1220 | D:2      | Reached skill level 1 in Evocations
  1278 | D:2      | Reached skill level 1 in Throwing
  1305 | D:2      | Upgraded the game from 0.32-a0-433-g08bcfe7efd to
                  | 0.32-a0-450-g080537f31e
  1337 | D:2      | Noticed Terence
  1348 | D:2      | Killed Terence
  1349 | D:2      | Reached skill level 1 in Stealth
  1349 | D:2      | Reached skill level 1 in Invocations
  1349 | D:2      | Reached XP level 4. HP: 27/40 MP: 3/3
  1720 | D:3      | Reached skill level 1 in Ranged Weapons
  1720 | D:3      | Reached XP level 5. HP: 35/46 MP: 3/5
  1796 | D:3      | Became a worshipper of Beogh the Shepherd
  1849 | D:3      | Found a radiant altar of Vehumet.
  2216 | D:3      | Found a glowing silver altar of Zin.
  2327 | D:3      | Found a snail-covered altar of Cheibriados.
  2816 | D:3      | Found a burning altar of Makhleb.
  2816 | D:3      | Noticed a blizzard demon
  2926 | D:4      | Found a blossoming altar of Fedhas.
  3003 | D:4      | Reached * piety under Beogh
  3066 | D:4      | Noticed Ijyb
  3088 | D:4      | Killed Ijyb
  3088 | D:4      | HP: 1/47 [orc priest/divine providence (11)]
  3090 | D:4      | Killed from afar by an orc priest

Illustrated notes

Levels and vault maps discovered:
D:1:      roderic_octagonal_star, layout_basic, minmay_misc_feat_iff
D:2:      layout_rooms, uniq_terence
D:3:      layout_loops_ring, mainiacjoe_overflow_alcove_1,
          vehumet_altar_wand_db, makhleb_altar_promises_db, marbit_many_paths
D:4:      layout_cave_pools, lemuel_round_altar,
          nicolae_hepliaklqana_hazy_memory, grunt_ministairs_7,
          kennysheep_generic_room_15, uniq_ijyb

Skill      XL: |  1  2  3  4  5 |
---------------+----------------+-----
Axes           | 3 4 |  4.6
Fighting       | 4 |  4.6
Evocations     | 1 |  1.1
Throwing       | 1 |  1.1
Stealth        | 1 |  1.0
Invocations    | 1 2 |  2.0
Ranged Weapons | 1 2 |  2.3
Armour         | |  3.6
Shields        | |  3.6

Action                     |  1- 3 |  4- 6 || total
---------------------------+-------+-------++-------
  Melee: War axe           |    97 |    79 ||   176
         Headbutt          |    10 |     8 ||    18
   Fire: Orcbow            |       |    78 ||    78
 Invoke: Convert to Beogh  |       |     1 ||     1
  Evoke: Wand              |       |     3 ||     3
    Use: Scroll            |     6 |     1 ||     7
         Potion            |       |     2 ||     2
 Armour: Scale mail        |    64 |    77 ||   141
  Dodge: Dodged            |    40 |    44 ||    84
  Block: Buckler           |    20 |       ||    20

Table legend: (Time is in decaauts)
 A = Elapsed time spent in this place.
 B = Non-inter-level travel time spent in this place.
 C = Inter-level travel time spent in this place.
 D = Time resting spent in this place.
 E = Time spent auto-exploring this place.
 F = Levels seen in this place.
 G = Mean time per level.
                   A        B        C        D        E       F      G
               +--------+--------+--------+--------+--------+-----+--------+
         Total |   3178 |   3087 |     91 |    484 |   1929 |   4 |  794.5 |
       Dungeon |   3178 |   3087 |     91 |    484 |   1929 |   4 |  794.5 |
               +--------+--------+--------+--------+--------+-----+--------+

Top non-repeatable levels by time:
     D:3: 1328 daAuts
     D:1: 1053 daAuts
     D:2: 564 daAuts
     D:4: 232 daAuts
